 Dungeon Crawl Stone Soup version 0.20-a0-1040-gfd09691 (webtiles) character file.

148 Chaoticas the Changer (level 5, -1/37 HPs)
             Began as a Gnoll Transmuter on Apr 24, 2017.
             Was an Initiate of Okawaru.
             Succumbed to an adder's poison
             ... on level 4 of the Dungeon.
             The game lasted 00:13:36 (3481 turns).

Chaoticas the Changer (Gnoll Transmuter)            Turns: 3481, Time: 00:13:37

Health: -1/37      AC:  2    Str: 10    XL:     5   Next: 30%
Magic:  1/9        EV: 21    Int: 14    God:    Okawaru [......]
Gold:   88         SH:  0    Dex: 19    Spells: 4/10 levels left

rFire    . . .     SeeInvis .     - Unarmed
rCold    . . .     Gourm    .   (shield currently unavailable)
rNeg     . . .     Faith    .   (armour currently unavailable)
rPois    x         Spirit   .   (helmet currently unavailable)
rElec    .         Reflect  .   (cloak currently unavailable)
rCorr    .         Harm     .   (gloves currently unavailable)
MR       .....                  (boots currently unavailable)
Stlth    ++........             (no amulet)
Regen    0.2/turn               k - ring of flight
MPRegen  0.2/turn               (no ring)

@: lethally poisoned (-1 -> -21), spider-form, very slightly contaminated,
hasted, very quick
A: short attention span, strong nose
a: End Transformation, Renounce Religion, Evoke Flight


You were on level 4 of the Dungeon.
You worshipped Okawaru.
Okawaru was noncommittal.
You were hungry.
You were a venomous arachnid creature.
You visited 1 branch of the dungeon, and saw 4 of its levels.

You collected 88 gold pieces.

Inventory:

Missiles
 a - 58 arrows
 i - 126 stones (quivered)
Armour
 b - a +0 robe (melded)
 g - a +0 pair of boots (melded)
 u - a +1 hat (melded)
Jewellery
 k - a ring of flight (left front leg)
Scrolls
 e - a scroll of amnesia {unknown}
 f - a scroll of enchant weapon {unknown}
 j - a scroll of remove curse {unknown}
 m - 7 scrolls of identify
 p - 2 scrolls of teleportation {unknown}
 s - a scroll of fog {unknown}
 x - a scroll of enchant armour {unknown}
 y - a scroll of immolation {unknown}
Potions
 h - a potion of haste
 l - a potion of invisibility {unknown}
 n - 2 potions of lignification
 o - a potion of might {unknown}
 t - a potion of agility {unknown}
 w - a potion of cancellation {unknown}
Books
 c - a book of Changes

   Spells                             Type                      Level
   a - Beastly Appendage              Transmutation                1
   b - Sticks to Snakes               Transmutation                2
   c - Spider Form                    Transmutation/Poison         3
   d - Ice Form                       Ice/Transmutation            4
   e - Blade Hands                    Transmutation                5
Comestibles
 d - 4 bread rations
 q - 3 royal jellies
 z - a meat ration
 A - 6 fruits


   Skills:
 - Level 1.5 Fighting
 - Level 3.0 Dodging
 + Level 6.2 Unarmed Combat
 - Level 3.2 Spellcasting
 * Level 6.3 Transmutations


You had 4 spell levels left.
You knew the following spells:

 Your Spells              Type           Power        Failure   Level  Hunger
a - Beastly Appendage     Tmut           ###...       7%          1    #......
b - Sticks to Snakes      Tmut           ###.....     9%          2    ##.....
c - Spider Form           Tmut/Pois      ##........   36%         3    ###....


Dungeon Overview and Level Annotations

Branches:
Dungeon (4/15)
 Temple: D:4-7

Altars:
Fedhas
Gozag
Okawaru
Yredelemnul


Innate Abilities, Weirdness & Mutations

You have a short attention span.
((You have very sharp teeth.))
Your uncanny sense of smell can sniff out nearby items.


Message History

You miss the adder. The adder bites you.
* * * LOW HITPOINT WARNING * * *
You are lethally poisoned!
The adder poisons you!
You completely miss the adder.
* * * LOW HITPOINT WARNING * * *
You feel sick. The adder barely misses you.
You hit the adder.
The adder is poisoned.
The adder is lightly wounded.
* * * LOW HITPOINT WARNING * * *
You feel sick. The adder bites you.
* * * LOW HITPOINT WARNING * * *
You are more poisoned.
The adder poisons you!
* * * LOW HITPOINT WARNING * * *
You feel sick.
* * * LOW HITPOINT WARNING * * *
You feel sick. The adder misses you.
It was a potion of haste.
You feel yourself speed up.
You die...

########.#
###........#
...........#
#........#
#........#
#........#
##..#.#### #..##.#
### ######s#...# .
#.. ##{o.lS.#.###
...###.###..######.#
#....##..## #.#
##....## #.# #..####
##.# #.## ##..# ...
#...#
..o############...#


You could see an orc priest, an adder and a frilled lizard.

Vanquished Creatures
  An orc priest (D:4)
  4 adders
  4 worms
  A dart slug (D:2)
  4 leopard geckos
  A giant cockroach (D:1)
  6 goblins
  9 hobgoblins
  7 jackals
  A quokka (D:2)
  A ball python (D:2)
  9 bats
  3 frilled lizards
  9 kobolds
  7 rats
67 creatures vanquished.

Notes
Turn   | Place    | Note
-------+----------+-------------------------------------------
     0 | D:1      | Chaoticas the Gnoll Transmuter began the quest for the Orb.
     0 | D:1      | Reached XP level 1. HP: 15/15 MP: 4/4
   549 | D:1      | Reached XP level 2. HP: 21/21 MP: 6/6
   824 | D:1      | Reached skill level 5 in Unarmed Combat
   962 | D:1      | Reached XP level 3. HP: 22/26 MP: 7/7
   966 | D:1      | Learned a level 2 spell: Sticks to Snakes
   970 | D:1      | Learned a level 3 spell: Spider Form
  1482 | D:2      | Found a basalt altar of Yredelemnul.
  1733 | D:2      | Found an iron altar of Okawaru.
  1746 | D:2      | Became a worshipper of Warmaster Okawaru
  2053 | D:2      | Reached skill level 5 in Transmutations
  2332 | D:3      | Found an opulent altar of Gozag.
  2348 | D:3      | Reached XP level 4. HP: 32/32 MP: 8/8
  3121 | D:3      | Found a blossoming altar of Fedhas.
  3471 | D:4      | Reached XP level 5. HP: 27/37 MP: 0/9
  3480 | D:4      | HP: 1/37 [poisoned by an adder]
  3481 | D:4      | Succumbed to an adder's poison

Vault maps used:
D:1:      zelgadis_glass_arrival_small
D:2:      lemuel_crystal_altar, kennysheep_okawaru_gauntlet, first_bread
D:3:      nicolae_overflow_crystal_walls, fedhas_altar_fruit_tree
D:4:      lemuel_crystal_altar, due_unseen_surprise, uniq_duvessa

Skill      XL: |  1  2  3  4 |
---------------+-------------+-----
Transmutations | 4 5 6 |  6.3
Unarmed Combat | 5 6 |  6.2
Fighting       | |  1.5
Dodging        | |  3.0
Spellcasting   | |  3.2

Action                   |  1- 3 |  4- 6 || total
-------------------------+-------+-------++-------
Melee: Unarmed           |   137 |    91 ||   228
       Bite              |    13 |     1 ||    14
       Headbutt          |    12 |     4 ||    16
       Punch             |     1 |     1 ||     2
 Cast: Beastly Appendage |    24 |    11 ||    35
       Spider Form       |       |     2 ||     2
 Abil: Evoke Flight      |     1 |       ||     1
  Use: Scroll            |     2 |       ||     2
       Potion            |       |     5 ||     5
 Stab: Sleeping          |     2 |       ||     2
  Eat: Chunk             |     5 |     3 ||     8
Armor: Robe              |    29 |    36 ||    65
Dodge: Dodged            |    98 |    83 ||   181
